 Dungeon Crawl Stone Soup version 0.28.0-43-g3370ac3207 (webtiles) character file.

Game seed: 14871032393399717958

24 pkoi the Insei (level 2, -2/24 HPs)
             Began as a Demigod Gladiator on Mar 28, 2022.
             Slain by Sigmund
             ... wielding a +0 scythe
              (10 damage)
             ... on level 2 of the Dungeon.
             The game lasted 00:00:47 (887 turns).

pkoi the Insei (Demigod Gladiator)                   Turns: 887, Time: 00:00:48

Health: -2/24      AC:  4    Str: 15    XL:     2   Next: 60%
Magic:  4/4        EV: 12    Int: 10    God:
Gold:   63         SH:  0    Dex: 15    Spells: 1/1 levels left

rFire   . . .      SeeInvis .     - Unarmed
rCold   . . .      Faith    .   (no shield)
rNeg    . . .      Spirit   .   a - +0 leather armour
rPois   .          Reflect  .   b - +0 helmet
rElec   .          Harm     .   (no cloak)
rCorr   .          Rampage  .   (no gloves)
Will    .....                   (no boots)
Stlth   +.........              (no amulet)
HPRegen 0.08/turn               (no ring)
MPRegen 0.09/turn               (no ring)

@: no status effects
A: high MP 1, forlorn, divine attributes
a: no special abilities


You were on level 2 of the Dungeon.
You visited 1 branch of the dungeon, and saw 2 of its levels.

You collected 63 gold pieces.

Inventory:

Missiles
 c - 3 throwing nets (quivered)
Armour
 a - a +0 leather armour (worn)
 b - a +0 helmet (worn)
Scrolls
 e - a scroll of summoning {unknown}
 g - a scroll of fear {unknown}
 h - a scroll of teleportation {unknown}
Potions
 d - 2 potions of lignification {unknown}
 f - a potion of degeneration {unknown}


   Skills:
 - Level 1.7 Fighting
 - Level 1.7 Throwing
 - Level 2.6 Dodging
 * Level 3.7 Unarmed Combat


You had one spell level left.
You didn't know any spells.
Your spell library was empty.

Dungeon Overview and Level Annotations

Branches:
Dungeon (1/15)

Shops:
D:1 *

Annotations:
D:2 Sigmund


Innate Abilities, Weirdness & Mutations

You have an increased reservoir of magic. (+10% MP)
You shall have no god before yourself.
Your divine heritage dramatically boosts your attributes as you level up.


Message History

The frilled lizard bites you but does no damage.
A kobold comes into view. It is wielding a +0 whip.
The goblin shoots a stone.
The stone hits you.
You are too injured to fight recklessly!
You are too injured to fight recklessly!
You are too injured to fight recklessly!
You are too injured to fight recklessly!
You are too injured to fight recklessly!
You are too injured to fight recklessly!
Unknown command.
The frilled lizard closely misses you.
The goblin shoots a stone.
The stone closely misses you.
Sigmund casts a spell.
Sigmund flickers and vanishes!
Deactivating autopickup; reactivate with Ctrl-A.
The kobold shouts!
You closely miss the frilled lizard. The frilled lizard closely misses you.
You hit the frilled lizard.
You kill the frilled lizard!
The kobold closely misses you.
You punch the goblin!
You kill the goblin!
The goblin shoots a stone.
The stone closely misses you. The kobold hits you but does no damage.
You hit the kobold but do no damage.
The goblin shoots a stone.
The stone barely misses you. The kobold hits you but does no damage.
You hit the kobold.
The kobold is severely wounded.
Something hits you!
* * * LOW HITPOINT WARNING * * *
The kobold closely misses you.
You closely miss the kobold. You punch the kobold.
You kill the kobold!
The goblin shoots a stone.
The stone closely misses you.
A magic dart appears from out of thin air!
The magic dart hits you!
* * * LOW HITPOINT WARNING * * *
Unknown command.
The goblin shoots a stone.
The stone closely misses you. Something hits you!
You die...

#.# #.# #.# ##### ###'### #....
######.....# #....
#.....#..........# #....
#K.......).#.....# #....
###.###....#.#.....# #.)..
.#.#......#@#.....# #....
..#.#.####{#.....# #.... #..
#....#.#.....# #....
#######.######.#g#.....######....
#K...........g..K...............#
#.#####.#.g....#.##############.#
#..g.............................
..##.##.#.###....###..........#.#
# #.#.# ###### .............


You could see a goblin and a kobold.

Vanquished Creatures
  A dart slug (D:1)
  2 ball pythons (D:1)
  An endoplasm (D:1)
  2 giant cockroaches
  3 jackals (D:1)
  A quokka (D:1)
  3 bats (D:2)
  2 frilled lizards
  2 goblins (D:2)
  4 kobolds
  A rat (D:1)
22 creatures vanquished.

Notes
Turn   | Place    | Note
-------+----------+-------------------------------------------
     0 | D:1      | pkoi the Demigod Gladiator began the quest for the Orb.
     0 | D:1      | Reached XP level 1. HP: 17/17 MP: 3/3
   201 | D:1      | Reached skill level 3 in Unarmed Combat
   249 | D:1      | Found Wocaif's Assorted Antiques.
   367 | D:1      | Reached XP level 2. HP: 18/24 MP: 4/4
   736 | D:1      | You fall into a shaft and drop 1 floor!
   865 | D:2      | Noticed Sigmund
   887 | D:2      | Slain by Sigmund

Illustrated notes

Levels and vault maps discovered:
D:1:      onia_arrival_pyramid, layout_basic, serial_shops,
          nicolae_shop_overgrown_old_shop
D:2:      layout_basic, nicolae_ecumenical_snake_handling, uniq_sigmund

Skill      XL: |  1 |
---------------+----+-----
Unarmed Combat | 3 |  3.7
Fighting       | |  1.7
Throwing       | |  1.7
Dodging        | |  2.6

Action                   || total
-------------------------++-------
Melee: Unarmed           ||    76
       Punch             ||     3
Armor: Leather armour    ||    23
Dodge: Dodged            ||    58
